 Dungeon Crawl Stone Soup version 0.31-a0-145-g046c7d2549 (webtiles) character file.

Game seed: 7196541316471204216

3508 2FriedEggs the Carver (level 10, -2/63 HPs)
             Began as an Octopode Monk on June 6, 2023.
             Was a Believer of Okawaru.
             Slain by a steam dragon (4 damage)
             ... on level 8 of the Dungeon.
             The game lasted 00:12:50 (8915 turns).

2FriedEggs the Carver (Octopode Monk)               Turns: 8915, Time: 00:12:51

Health: -2/63      AC:  1    Str: 11    XL:     10   Next: 7%
Magic:  0/12       EV: 27    Int: 13    God:    Okawaru [**....]
Gold:   357        SH:  0    Dex: 18    Spells: 9/9 levels left

rFire   . . .        J - +0 scimitar
rCold   . . .        c - orb {light}
rNeg    . . .        (helmet restricted)
rPois   .            o - amulet of guardian spirit
rElec   .            d - +5 ring of evasion
rCorr   .            (no ring)
SInv    .            (no ring)
Will    .....        (no ring)
Stlth   ++           (no ring)
HPRegen 0.30/turn    (no ring)
MPRegen 0.13/turn    (no ring)
                     (no ring)

%: guardian spirit
@: heroic, glowing
A: almost no armour, amphibious, 8 rings, camouflage 1, gelatinous body 1,
(nimble swimmer 1), tentacles
a: Renounce Religion, Heroism


You were on level 8 of the Dungeon.
You worshipped Okawaru.
Okawaru was pleased with you.
You visited 2 branches of the dungeon, and saw 9 of its levels.

You collected 357 gold pieces.

Inventory:

Hand Weapons
 a - a +0 falchion of flaming
 l - a +2 short sword of protection
 w - a +0 long sword
 C - the +2 whip "Anwadam" {venom, rElec rC+ rN++ Stlth-}
   (You took it off an orc on level 6 of the Dungeon)

   rC:        It protects you from cold.
   rElec:     It insulates you from electricity.
   rN:        It greatly protects you from negative energy.
   Stlth:     It makes you less stealthy.
 J - a +0 scimitar (weapon)
Missiles
 s - 2 boomerangs (quivered)
 F - 8 curare-tipped darts
 G - a throwing net
 I - 4 javelins
Armour
 c - an orb of light (worn)
Jewellery
 d - a +5 ring of evasion (left tentacle)
 o - an amulet of guardian spirit (around mantle)
 v - an amulet of reflection
Wands
 j - a wand of flame (29)
 x - a wand of quicksilver (1)
Scrolls
 e - 2 scrolls of fog
 f - a scroll of fear
 g - 2 scrolls of enchant armour
 p - 2 scrolls of torment
 r - 2 scrolls of poison {unknown}
 u - 2 scrolls of teleportation {unknown}
 y - 2 scrolls of identify
 B - a scroll of brand weapon
 E - a scroll of magic mapping {unknown}
 H - a scroll of immolation {unknown}
Potions
 b - a potion of ambrosia
 h - 4 potions of brilliance
 i - a potion of curing
 k - 3 potions of invisibility {unknown}
 m - a potion of mutation {unknown}
 n - a potion of enlightenment
 q - 2 potions of haste
 t - a potion of resistance
 z - a potion of lignification {unknown}
 A - 2 potions of heal wounds {unknown}
 D - a potion of cancellation {unknown}


   Skills:
 - Level 3.0(8.0) Fighting
 * Level 11.5(16.5) Long Blades
 + Level 8.4(13.4) Dodging
 + Level 3.7 Invocations


You had 9 spell levels left.
You didn't know any spells.
Your spell library contained the following spells:

 Spells                   Type           Power      Damage    Failure   Level
 Ensorcelled Hibernation  Hex/Ice        0%         N/A       43%         2
 Passwall                 Tmut/Erth      0%         N/A       43%         2
 Swiftness                Air            0%         N/A       67%         3
 Ozocubu's Refrigeration  Ice            0%         4d7       100%        7
 Polar Vortex             Ice            0%         N/A       100%        9
 Simulacrum               Ice/Necr       Unusable   N/A       N/A         6

Dungeon Overview and Level Annotations

Branches:
Dungeon (8/15)             Temple (1/1) D:7            Lair (0/5) D:8

Altars:
Ashenzari
Cheibriados
Dithmenos
Elyvilon
Gozag
Hepliaklqana
Kikubaaqudgha
Nemelex Xobeh
Okawaru
Qazlal
Trog
Uskayaw
Vehumet
Wu Jian
Xom
Yredelemnul
Zin
The Shining One

Shops:
D:1 :   D:5 (   D:7 :

Annotations:
D:5 1 runed translucent door, Crazy Yiuf
Temple 2 transporters


Innate Abilities, Weirdness & Mutations

You cannot wear most types of armour.
You are amphibious.
You can wear up to eight rings at the same time.
Your skin changes colour to match your surroundings (Stealth+).
Your rubbery body absorbs attacks. (AC +1, EV +1)
((You are camouflaged when in or above water. (Stealth+)))
You have tentacles for arms and can constrict up to eight enemies at once.


Message History

The orc priest is engulfed in a cloud of scalding steam.
The orc priest hits you with a +0 short sword.
You are engulfed in a cloud of scalding steam.
The water moccasin barely misses you. The steam dragon bites you.
The steam dragon claws you but does no damage.
The orc priest is engulfed in a cloud of scalding steam.
The orc priest hits you with a +0 short sword.
You are engulfed in a cloud of scalding steam.
The water moccasin bites you. The water moccasin bites you!
* * * LOW HITPOINT WARNING * * *
The steam dragon bites you.
* * * LOW HITPOINT WARNING * * *
The steam dragon claws you.
* * * LOW HITPOINT WARNING * * *
The orc priest hits you with a +0 short sword.
* * * LOW HITPOINT WARNING * * *
The water moccasin bites you.
* * * LOW HITPOINT WARNING * * *
The steam dragon bites you. The steam dragon claws you.
* * * LOW HITPOINT WARNING * * *
The orc priest hits you with a +0 short sword.
* * * LOW HITPOINT WARNING * * *
The water moccasin bites you. The steam dragon bites you.
* * * LOW HITPOINT WARNING * * *
The steam dragon claws you.
* * * LOW HITPOINT WARNING * * *
The orc priest hits you but does no damage.
The water moccasin bites you.
* * * LOW HITPOINT WARNING * * *
You turn to flesh and can move again.
You slash the orc priest!
You kill the orc priest!
Okawaru accepts your kill.
The water moccasin completely misses you.
You are too injured to fight recklessly!
Unknown command.
The water moccasin attacks as you move away!
The water moccasin closely misses you. The steam dragon misses you.
The steam dragon claws you.
You die...

#P...lP......
##..o..P.....
##.......(..
##......###
#.#....#
###.#.##.#
#h..#.# .#
#D###.# #
#@.Slh#
#######


You could see a steam dragon, a water moccasin, 2 black bears and a wyvern.

Vanquished Creatures
  A hornet (D:7)
  Grinder (D:6)
  Prince Ribbit (D:6)
  Eustachio (D:4)
  A wyvern (D:8)
  A basilisk (D:8)
  Edmund (D:4)
  2 water moccasins (D:8)
  An orc warrior (D:8)
  An ice beast (D:6)
  2 black bears
  2 ogres
  A wolf (D:8)
  A centaur (D:6)
  A phantom (D:6)
  A bullfrog (D:5)
  Blork the orc (D:6)
  A gnoll sergeant (D:7)
  A scorpion (D:6)
  6 killer bees
  An orc priest (D:8)
  A hound (D:4)
  2 jellies
  2 gnoll boudas
  An iron imp (D:8)
  Jessica (D:2)
  2 sleepcaps
  Ijyb (D:5)
  Natasha (thrice) (D:2)
  4 iguanas
  2 orc wizards
  16 gnolls
  10 adders
  A shadow imp (D:7)
  2 white imps (D:6)
  3 worms
  10 orcs
  3 ball pythons
  7 endoplasms
  3 giant cockroaches
  7 goblins
  8 hobgoblins
  3 jackals (D:2)
  3 quokkas
  5 bats
  2 frilled lizards
  2 hobgoblin zombies (D:8)
  10 kobolds
  3 kobold skeletons (D:8)
  2 kobold zombies (D:8)
  An orc skeleton (D:8)
  An orc zombie (D:8)
  2 rats
152 creatures vanquished.

Vanquished Creatures (others)
  An orc (D:8)
1 creature vanquished.

Grand Total: 153 creatures vanquished

Notes
Turn   | Place    | Note
-------+----------+-------------------------------------------
     0 | D:1      | 2FriedEggs the Octopode Monk began the quest for the Orb.
     0 | D:1      | Reached XP level 1. HP: 16/16 MP: 1/1
    99 | D:1      | Found Zauveh's Book Emporium.
   353 | D:1      | Reached XP level 2. HP: 19/21 MP: 2/2
  1061 | D:2      | Reached XP level 3. HP: 26/26 MP: 3/3
  1078 | D:2      | Noticed Natasha
  1081 | D:2      | Killed Natasha
  1082 | D:2      | Reached skill level 4 in Long Blades
  1082 | D:2      | Reached XP level 4. HP: 31/31 MP: 4/4
  1372 | D:2      | Noticed Jessica
  1374 | D:2      | Killed Jessica
  1720 | D:2      | Reached XP level 5. HP: 36/36 MP: 5/5
  1771 | D:2      | Noticed Natasha
  1779 | D:2      | Killed Natasha
  1780 | D:2      | Reached skill level 5 in Long Blades
  2444 | D:2      | Noticed Natasha
  2457 | D:2      | Killed Natasha
  3127 | D:3      | Found a faded altar of an unknown god.
  3133 | D:3      | Found a bloodstained altar of Trog.
  3515 | D:3      | Reached XP level 6. HP: 37/42 MP: 6/6
  3756 | D:4      | Noticed Edmund
  3838 | D:4      | Killed Edmund
  3839 | D:4      | Reached skill level 6 in Long Blades
  3946 | D:4      | Noticed Eustachio
  3964 | D:4      | Killed Eustachio
  3965 | D:4      | Reached skill level 5 in Dodging
  3965 | D:4      | Reached XP level 7. HP: 12/46 MP: 7/7
  4246 | D:4      | Reached skill level 7 in Long Blades
  4623 | D:5      | Entered Level 5 of the Dungeon
  4663 | D:5      | Found a sparkling altar of Nemelex Xobeh.
  4663 | D:5      | Found a radiant altar of Vehumet.
  4670 | D:5      | Found a basalt altar of Yredelemnul.
  4685 | D:5      | Found an ornate altar of the Wu Jian Council.
  4780 | D:5      | Reached XP level 8. HP: 36/52 MP: 8/8
  4810 | D:5      | Noticed Ijyb
  4821 | D:5      | Killed Ijyb
  4822 | D:5      | Reached skill level 8 in Long Blades
  4928 | D:5      | Found a runed translucent door.
  4929 | D:5      | Noticed Crazy Yiuf
  5043 | D:5      | Found Zuytioc Pete's Weapon Emporium.
  5726 | D:6      | Reached skill level 9 in Long Blades
  5744 | D:6      | Noticed Grinder
  5754 | D:6      | Killed Grinder
  5809 | D:6      | Found Kaqar's Distillery.
  5937 | D:6      | Noticed Prince Ribbit
  5943 | D:6      | Killed Prince Ribbit
  5944 | D:6      | Reached XP level 9. HP: 40/56 MP: 6/9
  6008 | D:6      | Noticed Blork the orc
  6018 | D:6      | Killed Blork the orc
  6019 | D:6      | Reached skill level 10 in Long Blades
  6303 | D:6      | Found an opulent altar of Gozag.
  6596 | D:6      | Identified the +2 whip "Anwadam" {venom, rElec rC+ rN++
                  | Stlth-}
  7237 | D:7      | Found a staircase to the Ecumenical Temple.
  7247 | Temple   | Entered the Ecumenical Temple
  7247 | Temple   | Found a transporter.
  7247 | Temple   | Found a transporter.
  7249 | Temple   | Found a transporter.
  7249 | Temple   | Found a transporter.
  7264 | Temple   | Became a worshipper of Warmaster Okawaru
  7264 | Temple   | Reached * piety under Okawaru
  7264 | Temple   | Reached ** piety under Okawaru
  7404 | D:7      | Noticed a hornet
  7437 | D:7      | Reached skill level 1 in Invocations
  7438 | D:7      | Found Repios's Book Shop.
  7697 | D:7      | Found a stormy altar of Qazlal.
  8014 | D:7      | Paralysed by a hornet for 3 turns
  8023 | D:7      | Killed a hornet
  8776 | D:8      | Found a glowing golden altar of the Shining One.
  8820 | D:8      | Reached skill level 11 in Long Blades
  8877 | D:8      | Found a staircase to the Lair.
  8898 | D:8      | Reached XP level 10. HP: 60/63 MP: 9/12
  8913 | D:8      | HP: 2/63 [water moccasin (2)]
  8915 | D:8      | Slain by a steam dragon

Illustrated notes

Levels and vault maps discovered:
D:1:      lightli_arrival_farm, layout_loops_corners, serial_shops, shop
D:2:      layout_basic, uniq_natasha, uniq_jessica
D:3:      layout_loops_ring, nicolae_overflow_ecumenical_swirl
D:4:      layout_rooms, minmay_misc_feat_four_crosses, minmay_ruptured,
          uniq_eustachio, uniq_edmund
D:5:      layout_basic, nicolae_overflow_quartered_altars, serial_shops,
          nicolae_shop_bloodbath_and_beyond, uniq_ijyb, uniq_crazy_yiuf_cottage
D:6:      layout_layer_cave, mainiacjoe_overflow_cross_hatched, serial_shops,
          shop, amethyst_killhole, uniq_prince_ribbit1, uniq_blork_the_orc,
          uniq_grinder
D:7:      layout_basic, nicolae_qazlal_general_emergency,
          minmay_temple_entry_ruins, serial_shops,
          nicolae_shop_getting_attention
D:8:      layout_basic, nicolae_tso_besieged_by_evil, tgw_sif,
          minmay_lair_entry_grove
Temple:   hellmonk_temple_divided_pantheon

Skill      XL: |  1  2  3  4  5  6  7  8  9 |
---------------+----------------------------+-----
Long Blades    | 4 5 6 7 9 11 | 11.5
Dodging        | 4 5 7 8 |  8.4
Invocations    | 3 |  3.7
Fighting       | |  3.0

Action                     |  1- 3 |  4- 6 |  7- 9 | 10-12 || total
---------------------------+-------+-------+-------+-------++-------
  Melee: Falchion          |    37 |    11 |    76 |       ||   124
         Constrict         |    11 |    27 |    63 |     2 ||   103
         Tentacles         |     6 |    28 |    75 |     3 ||   112
         Short sword       |       |    80 |    49 |       ||   129
         Punch             |       |     3 |     6 |       ||     9
         Long sword        |       |       |    99 |       ||    99
         Scimitar          |       |       |    11 |     8 ||    19
  Throw: Throwing net      |       |     1 |       |       ||     1
         Javelin           |       |       |     5 |       ||     5
 Invoke: Heroism           |       |       |     4 |       ||     4
  Evoke: Wand              |       |       |     6 |       ||     6
    Use: Scroll            |     1 |     2 |     4 |       ||     7
         Potion            |       |     6 |     2 |       ||     8
   Stab: Sleeping          |     2 |     1 |       |       ||     3
         Distracted        |       |     1 |       |       ||     1
         Held in net/web   |       |     1 |       |       ||     1
 Armour: Skin              |       |     8 |    10 |     3 ||    21
  Dodge: Dodged            |    25 |    71 |   261 |    10 ||   367

Table legend: (Time is in decaauts)
 A = Elapsed time spent in this place.
 B = Non-inter-level travel time spent in this place.
 C = Inter-level travel time spent in this place.
 D = Time resting spent in this place.
 E = Time spent auto-exploring this place.
 F = Levels seen in this place.
 G = Mean time per level.
                   A        B        C        D        E       F      G
               +--------+--------+--------+--------+--------+-----+--------+
         Total |   8858 |   8523 |    335 |    850 |   6482 |   9 |  984.2 |
       Dungeon |   8827 |   8503 |    324 |    850 |   6476 |   8 | 1103.4 |
        Temple |     30 |     19 |     11 |      0 |      6 |   1 |   30.0 |
               +--------+--------+--------+--------+--------+-----+--------+

Top non-repeatable levels by time:
     D:2: 1957 daAuts
     D:6: 1761 daAuts
     D:7: 1365 daAuts
     D:1: 976 daAuts
     D:4: 875 daAuts
     D:5: 823 daAuts
     D:3: 778 daAuts
     D:8: 288 daAuts
  Temple: 30 daAuts
